 Dungeon Crawl Stone Soup version 0.19.1 (webtiles) character file.

210 spooks32 the Cudgeler (level 5, -8/55 HPs)
             Began as an Ogre Fire Elementalist on Dec 26, 2016.
             Killed by divine providence
             ... invoked by an orc priest
              (12 damage)
             ... on level 5 of the Dungeon.
             The game lasted 00:15:33 (4446 turns).

spooks32 the Cudgeler (Ogre Fire Elementalist)      Turns: 4446, Time: 00:15:34

Health: -8/55      AC:  5    Str: 15    XL:     5   Next: 88%
Magic:  8/8        EV: 10    Int: 14    God:
Gold:   174        SH:  0    Dex: 14    Spells: 3 memorised, 1 level left

rFire  . . .     SeeInvis .     n - +0 whip
rCold  . . .     Gourm    .     a - +1 robe
rNeg   . . .     Faith    .     (no shield)
rPois  .         Spirit   .     (helmet restricted)
rElec  .         Reflect  .     t - +0 cloak
rCorr  .         Harm     .     (gloves unavailable)
MR     +....                    (boots unavailable)
Stlth  ++........               (no amulet)
                                d - ring of protection from magic
                                e - +3 ring of dexterity

@: no status effects
A: unfitting armour, strong 1, tough skin 1
a: no special abilities


You were on level 5 of the Dungeon.
You were not hungry.

You visited 1 branch of the dungeon, and saw 5 of its levels.

You collected 174 gold pieces.

Inventory:

Hand Weapons
 n - a +0 whip (weapon)
 u - a +2 hunting sling of velocity
Armour
 a - a +1 robe (worn)
 t - a +0 cloak (worn)
Jewellery
 d - a ring of protection from magic (right hand)
 e - a +3 ring of dexterity (left hand)
Scrolls
 s - a scroll of random uselessness {unknown}
Potions
 c - a potion of magic {unknown}
 j - a potion of lignification
Books
 b - a book of Flames

   Spells                             Type                      Level
   a - Flame Tongue                   Conjuration/Fire             1
   b - Throw Flame                    Conjuration/Fire             2
   c - Conjure Flame                  Conjuration/Fire             3
   d - Inner Flame                    Hexes/Fire                   3
   e - Sticky Flame                   Conjuration/Fire             4
   f - Fireball                       Conjuration/Fire             5
Comestibles
 m - a meat ration
 o - 2 bread rations


   Skills:
 * Level 4.6 Fighting
 * Level 5.1 Maces & Flails
 - Level 1.7 Dodging
 - Level 1.4 Stealth
 - Level 2.4 Spellcasting
 + Level 0.6 Conjurations
 + Level 2.1 Fire Magic


You had one spell level left.
You knew the following spells:

 Your Spells              Type           Power        Failure   Level  Hunger
a - Flame Tongue          Conj/Fire      #....        14%         1    #......
b - Throw Flame           Conj/Fire      #.....       21%         2    ###....
c - Sticky Flame          Conj/Fire      #.......     95%         4    #####..


Dungeon Overview and Level Annotations

Branches:
Dungeon (5/15)
 Temple: D:4-7

Altars:


Innate Abilities, Weirdness & Mutations

You are too large for most types of armour.
You have tough skin. (AC +1)
Your muscles are strong. (Str +2)


Message History

Aim: an orc The flame tongue hits the orc.
The orc is heavily wounded.
The orc hits you but does no damage.
You barely miss the orc.
The orc is heavily wounded.
The orc hits you.
You hit the orc.
The orc is heavily wounded.
The orc priest calls upon Beogh to heal the orc.
The orc's wounds heal themselves!
The orc hits you.
You barely miss the orc.
The orc priest mumbles some strange prayers to Beogh against you.
Beogh smites you!
* * * LOW HITPOINT WARNING * * *
The orc closely misses you.
Okay, then.
The orc priest mumbles some strange prayers to Beogh against you.
Beogh smites you!
You die...

*********
,,,,,,,,* ###
,,,,,,,,* ####.#
,,,,,,,,* #<...#
,,,,,,,,* ####@#
,,,,,,,,* #.#
,*####### #o#
*,,.....# #.#
*,#,,.<.# #.#
..#.###.########o#
....o.(>...oo..o.#
....##############
...,*


You could see an orc priest and 2 orcs.

Vanquished Creatures
  A scorpion (D:4)
  A hound (D:4)
  A bullfrog skeleton (D:4)
  A worker ant (D:4)
  2 adders
  2 oozes
  2 worms (D:2)
  A dart slug (D:1)
  A leopard gecko (D:1)
  4 orcs
  3 giant cockroaches
  4 goblins
  5 hobgoblins
  5 kobolds
  A quokka (D:3)
  3 bats
  4 frilled lizards
  4 rats
45 creatures vanquished.

Notes
Turn   | Place    | Note
-------+----------+-------------------------------------------
     0 | D:1      | spooks32 the Ogre Fire Elementalist began the quest for the Orb.
     0 | D:1      | Reached XP level 1. HP: 16/16 MP: 3/3
   103 | D:1      | Reached skill level 1 in Fighting
   317 | D:1      | Reached XP level 2. HP: 18/29 MP: 0/5
   368 | D:1      | Learned a level 2 spell: Throw Flame
  1242 | D:1      | Reached skill level 1 in Maces & Flails
  1370 | D:2      | Reached XP level 3. HP: 33/36 MP: 6/6
  1641 | D:2      | Reached skill level 2 in Maces & Flails
  2141 | D:3      | Reached XP level 4. HP: 48/48 MP: 3/7
  2184 | D:3      | Learned a level 4 spell: Sticky Flame
  2537 | D:4      | Noticed an ogre
  2753 | D:4      | Reached skill level 3 in Maces & Flails
  3223 | D:3      | Noticed a centaur
  3373 | D:4      | Reached skill level 4 in Maces & Flails
  3373 | D:4      | Reached XP level 5. HP: 46/54 MP: 8/8
  3394 | D:4      | Gained mutation: Your muscles are strong. (Str +2) [potion of beneficial mutation]
  4023 | D:4      | Reached skill level 5 in Maces & Flails
  4396 | D:5      | Entered Level 5 of the Dungeon
  4446 | D:5      | Killed from afar by an orc priest

Skill      XL: |  1  2  3  4  5 |
---------------+----------------+-----
Fighting       | 2 3 4 |  4.6
Maces & Flails | 1 2 4 5 |  5.1
Dodging        | |  1.7
Stealth        | |  1.4
Spellcasting   | |  2.4
Conjurations   | |  0.6
Fire Magic     | |  2.1

Action                   |  1- 3 |  4- 6 || total
-------------------------+-------+-------++-------
Melee: Unarmed           |     7 |       ||     7
       Club              |    18 |       ||    18
       Whip              |    53 |    71 ||   124
       Flail             |       |    13 ||    13
 Cast: Flame Tongue      |    24 |    10 ||    34
       Throw Flame       |    11 |     4 ||    15
  Use: Scroll            |       |     9 ||     9
       Potion            |       |     9 ||     9
 Stab: Sleeping          |     1 |     1 ||     2
  Eat: Bread ration      |     1 |       ||     1
       Chunk             |     1 |     1 ||     2
       Meat ration       |       |     1 ||     1
       Beef jerky        |       |     1 ||     1
Armor: Robe              |    26 |    18 ||    44
       Skin              |       |     5 ||     5
Dodge: Dodged            |    63 |    63 ||   126
